 Dungeon Crawl Stone Soup version 0.26-b1-32-g5d43845318 (webtiles) character file.

Game seed: 17615822294564265980

421 Dirian the Chopper (level 6, -12/53 HPs)
             Began as a Hill Orc Fighter on Jan 11, 2021.
             Killed by divine providence
             ... invoked by an orc priest
              (14 damage)
             ... on level 4 of the Dungeon.
             The game lasted 00:04:19 (3685 turns).

Dirian the Chopper (Hill Orc Fighter)               Turns: 3685, Time: 00:04:20

Health: -12/53     AC: 14    Str: 21    XL:     6   Next: 94%
Magic:  6/6        EV:  5    Int:  8    God:
Gold:   167        SH: 10    Dex: 10    Spells: 5/5 levels left

rFire    . . .     SeeInvis .   a - +0 war axe
rCold    + . .     Faith    .   c - +1 kite shield
rNeg     . . .     Spirit   .   p - +4 chain mail
rPois    .         Reflect  .   k - +0 helmet
rElec    .         Harm     .   (no cloak)
rCorr    .         Rampage  .   (no gloves)
Will     .....                  (no boots)
Stlth    ..........             (no amulet)
HPRegen  0.17/turn              (no ring)
MPRegen  0.10/turn              l - ring of protection from cold

@: no status effects
A: no striking features
a: Convert to Beogh


You were on level 4 of the Dungeon.
You visited 1 branch of the dungeon, and saw 4 of its levels.

You collected 167 gold pieces.

Inventory:

Hand Weapons
 a - a +0 war axe (weapon)
 s - a +0 hand axe
Armour
 c - a +1 kite shield (worn)
 k - a +0 helmet (worn)
 p - a +4 chain mail (worn)
Jewellery
 l - a ring of protection from cold (right hand)
Scrolls
 r - 2 scrolls of identify
 t - a scroll of teleportation
 x - 2 scrolls of remove curse
Potions
 e - a potion of mutation
 h - a potion of haste
 q - 5 potions of curing


   Skills:
 + Level 4.7 Fighting
 + Level 6.6 Axes
 + Level 4.7 Armour
 + Level 4.6 Shields


You had 5 spell levels left.
You didn't know any spells.
Your spell library was empty.

Dungeon Overview and Level Annotations

Branches:
Dungeon (4/15)
 Temple: D:4-7

Altars:
Hepliaklqana
Vehumet

Annotations:
D:4 Pikel


Message History

The orc wizard hits you with a +0 dagger.
You block the orc wizard's attack.
The orc priest invokes the aid of Beogh against you.
Beogh smites you!
* * * LOW HITPOINT WARNING * * *
You block the orc wizard's attack. x2
The orc wizard hits you but does no damage.
You hear the slow rusting of a distant drain.
The orc wizard looks encouraged for a moment.
The orc wizard barely misses you.
The orc wizard gestures at you while chanting.
The puff of frost hits you. You resist.
* * * LOW HITPOINT WARNING * * *
The orc priest shouts, "Join the one true god or die!"
The orc wizard gestures at you while chanting.
The puff of frost hits you but does no damage.
The orc wizard hits you but does no damage.
The orc priest invokes the aid of Beogh against you.
Beogh smites you!
You die...

#..# #..#.# .....
...# ##.#.# .....
...# #.#.#
........#####.#.#
......#.........#
......#######.###
#.......# #.#
#...!.5o#####.#
#.....5oo@†...#
.......o#######
#.......#
#.......#
#....?..#
####.##.# #? #.#
## #.#


You could see 2 lemures, an orc priest, an orc wizard (fast) and 2 orcs.

Vanquished Creatures
  Sigmund (D:2)
  A lemure (D:4)
  A scorpion (D:4)
  Natasha (thrice) (D:3)
  6 adders
  A worm (D:3)
  5 leopard geckos
  2 ball pythons (D:3)
  3 giant cockroaches
  6 hobgoblins
  6 jackals
  A quokka (D:4)
  8 bats
  4 frilled lizards
  10 goblins
  4 kobolds
  9 rats
71 creatures vanquished.

Vanquished Creatures (others)
  Dowan (D:4)
  An orc (D:4)
  A plant (D:3)
3 creatures vanquished.

Grand Total: 74 creatures vanquished

Notes
Turn   | Place    | Note
-------+----------+-------------------------------------------
     0 | D:1      | Dirian the Hill Orc Fighter began the quest for the Orb.
     0 | D:1      | Reached XP level 1. HP: 19/19 MP: 1/1
   184 | D:1      | Reached skill level 3 in Axes
   248 | D:1      | Reached XP level 2. HP: 27/27 MP: 2/2
   577 | D:1      | Reached XP level 3. HP: 32/33 MP: 3/3
   626 | D:1      | You fall into a shaft and drop 1 floor!
   906 | D:2      | Reached skill level 4 in Axes
  1204 | D:1      | Reached XP level 4. HP: 39/40 MP: 4/4
  1844 | D:2      | Found a radiant altar of Vehumet.
  1886 | D:2      | Noticed Sigmund
  1892 | D:2      | Killed Sigmund
  1893 | D:2      | Reached skill level 5 in Axes
  1893 | D:2      | Reached XP level 5. HP: 34/47 MP: 5/5
  1893 | D:2      | Reached XP level 6. HP: 39/53 MP: 6/6
  2837 | D:3      | Found a hazy altar of Hepliaklqana.
  2850 | D:3      | Found a faded altar of an unknown god.
  2973 | D:3      | Noticed Natasha
  2978 | D:3      | Killed Natasha
  2979 | D:3      | Reached skill level 6 in Axes
  3070 | D:3      | Noticed Natasha
  3082 | D:3      | Killed Natasha
  3120 | D:3      | Noticed Natasha
  3134 | D:3      | Killed Natasha
  3616 | D:4      | Noticed Dowan
  3643 | D:4      | Noticed Pikel
  3649 | D:4      | Killed Dowan
  3684 | D:4      | HP: 2/53 [orc wizard/puff of frost (4)]
  3685 | D:4      | Killed from afar by an orc priest

Illustrated notes

Levels and vault maps discovered:
D:1:      dpeg_arrival_rooms_a, layout_basic
D:2:      layout_basic, general_overflow_altar, nicolae_underground_beach,
          uniq_sigmund
D:3:      layout_loops_ring, old_standard_altar,
          chequers_ecumenical_altar_island, chequers_avenue,
          serial_bayou_pond_e, kennysheep_nub, uniq_natasha
D:4:      cheibrodos_fertilizer, layout_loops_ring, lemuel_doored_altar,
          minmay_temple_entry_steel_oval, ebering_ghost_rock_garden,
          portal_sewer_entry_d, uniq_duvessa, uniq_pikel,
          uniq_crazy_yiuf_cottage

Skill      XL: |  1  2  3  4  5  6 |
---------------+-------------------+-----
Axes           | 3 4 5 6 |  6.6
Fighting       | 4 |  4.7
Armour         | 4 |  4.7
Shields        | 4 |  4.6

Action                   |  1- 3 |  4- 6 || total
-------------------------+-------+-------++-------
Melee: War axe           |    99 |   160 ||   259
  Use: Potion            |       |     2 ||     2
       Scroll            |       |     9 ||     9
 Stab: Invisible         |       |     6 ||     6
Armor: Scale mail        |    52 |    59 ||   111
       Chain mail        |       |    28 ||    28
Dodge: Dodged            |    30 |    51 ||    81
Block: Kite shield       |    58 |    86 ||   144
